cohdb
Replays
Latest Replays
All Replays
Popular Replays
Top Player Replays
Match Explorer
How It Works
Community
CoH3 Stats
Reddit
Sign in to upload your games and track your stats! →
Sign in with Steam
Match 41398636
Unlisted
Match 41398636
Overview
Messages
Build Orders
End
Scout Squad
Construct Weapon Support Center
Selects Advanced Infantry Battlegroup
M1919 Machine Gun Team
Scout Squad
Construct Barracks
Riflemen Squad
Selects Artillery Observers
Artillery Observer Squad
Riflemen Squad
Mechanized Support Center
Banished Viper
Para_Dilshan
Kaix
RupertW
MARTEL
Husar
TRON
Doktor Bonov
0
0
Comments
sign in to comment!
No comments posted yet!